 Dungeon Crawl Stone Soup version 5.1-80-g04056d8 (webtiles) character file.

3385 tatters the Covert (level 11, -2/50 HPs)
             Began as a Spriggan Torpor Knight on Nov 2, 2017.
             Was a Priest of Cheibriados.
             Hit by a large rock thrown by a cyclops (29 damage)
             ... on level 11 of the Dungeon.
             The game lasted 00:30:54 (11840 turns).

tatters the Covert (Spriggan Torpor Knight)        Turns: 11840, Time: 00:30:55

Health: -2/50      AC:  3 (0%)Str: 16   XL:     11   Next: 23%
Magic:  13/19      EV: 35    Int: 25    God:    Cheibriados [3*[99]]
Gold:   980        SH:  7    Dex: 27    Spells: 10/10 levels left

rFire    . . .     SeeInvis +   b - +9 spear "Cece" {venom, rPois rC- MR+}
rCold    x . .     Faith    +   c - +0 buckler
rNeg     . . .     Spirit   .   D - +0 robe {ponderous}
rPois    +         Reflect  .   (helmet restricted)
rElec    .                      r - +0 cloak
rCorr    .                      (gloves unavailable)
MR       ++...                  (boots unavailable)
Stlth    +++++++...             m - amulet of faith
Regen    0.2/turn               x - +3 ring of dexterity
MPRegen  0.3/turn               U - +3 ring of evasion

@: barbed spikes, very slow
A: unfitting armour, see invisible, speed 2
a: Bend Time, Temporal Distortion, Renounce Religion


You were on level 11 of the Dungeon.
You worshipped Cheibriados.
Cheibriados was most pleased with you.
You were not hungry.

You visited 1 branch of the dungeon, and saw 11 of its levels.
You also visited: Sewer.

You collected 980 gold pieces.

Inventory:

Hand Weapons
 a - a +2 dagger of electrocution
 b - the +9 spear "Cece" (weapon) {venom, rPois rC- MR+}
   (You found it on level 5 of the Dungeon)

   It poisons the flesh of those it strikes.
   It makes you vulnerable to cold.
   It protects you from poison.
   It affects your resistance to hostile enchantments.
 e - a +0 rapier
 l - a +4 dagger
 q - a +3 quarterstaff of chaos
 w - a +3 vampiric spear
 M - a +1 hand axe
 Q - a +1 long sword of holy wrath
Missiles
 d - 3815 stones
 i - 673 arrows
 o - 266 bolts
 s - 53 tomahawks (quivered)
 t - 5 curare darts
Armour
 c - a +0 buckler (worn)
 r - a +0 cloak (worn)
 D - a +0 robe of ponderousness (worn)
Magical Staves
 L - an uncursed staff of fire
 N - an uncursed staff of summoning
Jewellery
 g - a +3 ring of intelligence
 m - an amulet of faith (around neck)
 n - an uncursed ring of wizardry
 x - a +3 ring of dexterity (left hand)
 C - an uncursed amulet of magic regeneration
 H - a +3 ring of intelligence
 U - a +3 ring of evasion (right hand)
Wands
 J - a wand of digging (8)
 O - a wand of paralysis (6)
 R - a wand of lightning (3)
Scrolls
 k - 4 scrolls of immolation
 v - 3 scrolls of amnesia
 y - 9 scrolls of teleportation
 B - 2 scrolls of fog
 E - 3 scrolls of magic mapping
 F - 4 scrolls of fear
 K - 3 scrolls of enchant weapon
 P - 2 scrolls of enchant armour
 T - a scroll of vulnerability
Potions
 f - 7 potions of flight
 h - a potion of ambrosia
 j - 2 potions of magic
 p - 4 potions of augmentation
 u - 2 potions of lignification
 z - 2 potions of resistance
 A - 2 potions of cancellation
 G - a potion of invisibility
 I - 2 potions of curing
 S - a potion of heal wounds


   Skills:
 - Level 2.0 Fighting
 - Level 4.0 Blades
 - Level 2.1 Polearms
 - Level 12.5 Dodging
 - Level 13.4 Stealth
 - Level 0.1 Shields
 + Level 4.6 Transmutations
 - Level 10.0 Invocations
 - Level 6.5 Evocations


You had 10 spell levels left.
You didn't know any spells.

Dungeon Overview and Level Annotations

Branches:
Dungeon (11/15)

Altars:
Cheibriados
Dithmenos
Elyvilon
Gozag
Hepliaklqana
Jiyva
Kikubaaqudgha
Makhleb
Okawaru
Qazlal
Ru
Sif Muna
Trog
Uskayaw
Vehumet
Xom
Yredelemnul
Zin
The Shining One

Annotations:
D:10 Josephine
D:11 exclusion: blink frog


Innate Abilities, Weirdness & Mutations

You are tiny and cannot use many weapons and most armour.
You have supernaturally acute eyesight. (SInv)
You cover ground very quickly.


Message History

The manticore is almost dead.
The manticore barely misses you. You block the manticore's attack.
The manticore claws you (5).
You hit the manticore (6).
You kill the manticore!
Cheibriados appreciates the change of pace.
Your Transmutations skill increases to level 4!
The barbs in your skin will harm you if you move.
Continue?
The barbed spikes dig painfully into your body as you move.
The barbed spikes dig painfully into your body as you move.
The cyclops throws a large rock.
The large rock completely misses you (0).
Attack whom?
Press: ? - help, Dir - move target cursor, f - cyclops
Aim: a cyclops (lightly wounded)
You reach to attack!
You puncture the cyclops (9)!
The cyclops is poisoned.
The cyclops is moderately wounded.
The cyclops throws a large rock.
The large rock hits you (29)!!
Ouch! That really hurt!
You die...

...#.......#.....#
....#.......#....
.....#.......# ..
......#.......#...
.##...###..###+#...
###..#.....#
#....#.....#
#....#HC...#
#...@#.....#
#....'.....#
###..#C......
#..######## .....
....... .........
......... ...###+


You could see a cyclops.

Vanquished Creatures
  A two-headed ogre (D:8)
  Urug (D:10)
  An unseen horror (D:10)
  2 manticores (D:11)
  A gargoyle (D:8)
  2 trolls
  Prince Ribbit (D:5)
  A shadow (D:10)
  4 wraiths
  2 wyverns
  2 steam dragons (D:9)
  An angry ghost (D:11)
  Menkaure (D:5)
  2 spiny frog zombies (D:9)
  8 orc warriors
  A black bear (D:9)
  An ice beast (D:9)
  A blink frog zombie (D:8)
  5 centaurs
  5 ogres
  2 rime drake zombies (D:10)
  A gnoll sergeant (D:5)
  A wyvern zombie (D:6)
  A wyvern skeleton (D:11)
  5 scorpions
  5 crimson imps
  6 wights
  2 howler monkeys
  3 centaur zombies
  3 quasits
  A wasp zombie (D:10)
  4 jellies
  3 hounds
  Crazy Yiuf (D:2)
  A gnoll shaman (D:6)
  10 orc wizards
  3 orc priests
  4 worker ants
  3 iguanas
  A hound skeleton (D:6)
  8 gnolls
  8 adders
  2 shadow imps
  2 oozes (Sewer)
  5 dart slugs
  21 orcs
  3 quokkas
  2 ball pythons (Sewer)
  16 bats
  7 giant cockroaches
  5 goblins
  10 hobgoblins
  12 jackals
  9 frilled lizards
  A jackal skeleton (D:4)
  10 kobolds
  A quokka skeleton (D:5)
  8 rats
  A spectral orc (D:4)
234 creatures vanquished.

Notes
Turn   | Place    | Note
-------+----------+-------------------------------------------
     0 | D:1      | tatters the Spriggan Torpor Knight began the quest for the Orb.
     0 | D:1      | Reached XP level 1. HP: 10/10 MP: 3/3
   128 | D:1      | Reached XP level 2. HP: 14/15 MP: 4/4
  1394 | D:2      | Reached ** piety under Cheibriados
  1411 | D:2      | Found a sacrificial altar of Ru.
  1452 | D:2      | Reached XP level 3. HP: 18/18 MP: 5/5
  1457 | D:2      | Reached skill level 1 in Stealth
  1785 | D:2      | Found a glowing golden altar of the Shining One.
  1840 | D:2      | Found a runed door.
  2100 | D:2      | Noticed Crazy Yiuf
  2104 | D:2      | Killed Crazy Yiuf
  2104 | D:2      | Reached skill level 5 in Dodging
  2104 | D:2      | Reached skill level 2 in Stealth
  2104 | D:2      | Reached XP level 4. HP: 23/23 MP: 6/6
  2243 | D:3      | Reached skill level 3 in Stealth
  2255 | D:3      | Found an iron altar of Okawaru.
  2325 | D:3      | Reached *** piety under Cheibriados
  2368 | D:3      | Reached XP level 5. HP: 26/26 MP: 7/7
  2387 | D:3      | Found a shimmering altar of Xom.
  2443 | D:3      | Reached skill level 4 in Stealth
  2537 | D:3      | Reached skill level 5 in Stealth
  2958 | D:4      | Found a burning altar of Makhleb.
  3004 | D:4      | Reached XP level 6. HP: 30/30 MP: 8/8
  3067 | D:4      | Reached skill level 6 in Stealth
  3270 | D:4      | Found a basalt altar of Yredelemnul.
  3282 | D:4      | Reached **** piety under Cheibriados
  3341 | D:4      | Reached skill level 7 in Stealth
  3449 | D:4      | Reached XP level 7. HP: 35/35 MP: 10/10
  3499 | D:5      | Entered Level 5 of the Dungeon
  3516 | D:5      | Noticed Menkaure
  3571 | D:5      | Found a glowing silver altar of Zin.
  3687 | D:5      | Noticed Prince Ribbit
  3703 | D:5      | Killed Prince Ribbit
  3703 | D:5      | Reached skill level 5 in Invocations
  4266 | D:5      | Found a viscous altar of Jiyva.
  4343 | D:5      | Found a deep blue altar of Sif Muna.
  4343 | D:5      | Found a bloodstained altar of Trog.
  4343 | D:5      | Found an opulent altar of Gozag.
  4343 | D:5      | Found a snail-covered altar of Cheibriados.
  4350 | D:5      | Found a white marble altar of Elyvilon.
  4353 | D:5      | Found a hide-covered altar of Uskayaw.
  4354 | D:5      | Got the +9 spear "Cece" {venom, rPois rC- MR+}
  4580 | D:5      | Killed Menkaure
  4580 | D:5      | Reached XP level 8. HP: 39/39 MP: 13/13
  4649 | D:6      | Found a shadowy altar of Dithmenos.
  4854 | D:6      | Reached skill level 1 in Polearms
  4941 | D:6      | Found a glowing drain.
  4945 | Sewer    | Entered a sewer
  5560 | D:6      | Reached skill level 8 in Stealth
  5686 | D:6      | Found a hazy altar of Hepliaklqana.
  6196 | D:7      | Reached skill level 9 in Stealth
  6203 | D:7      | Reached XP level 9. HP: 42/42 MP: 16/16
  6250 | D:7      | Found a stormy altar of Qazlal.
  6373 | D:7      | Found a radiant altar of Vehumet.
  6509 | D:7      | Found an iron altar of Okawaru.
  6511 | D:7      | Reached ***** piety under Cheibriados
  6514 | D:7      | Found an ancient bone altar of Kikubaaqudgha.
  6517 | D:7      | Reached skill level 10 in Stealth
  6811 | D:7      | Reached skill level 11 in Stealth
  7086 | D:8      | Noticed a gargoyle
  7089 | D:8      | Killed a gargoyle
  7089 | D:8      | Reached skill level 12 in Stealth
  7404 | D:8      | Reached skill level 13 in Stealth
  7465 | D:8      | Noticed a two-headed ogre
  7486 | D:8      | Killed a two-headed ogre
  7486 | D:8      | Reached skill level 10 in Dodging
  7486 | D:8      | Reached XP level 10. HP: 20/46 MP: 15/17
 10363 | D:10     | Entered Level 10 of the Dungeon
 10384 | D:10     | Noticed Urug
 10395 | D:10     | Killed Urug
 10395 | D:10     | Reached skill level 10 in Invocations
 10609 | D:10     | Noticed Josephine
 11470 | D:10     | Noticed an unseen horror
 11478 | D:10     | Killed an unseen horror
 11478 | D:10     | Reached XP level 11. HP: 50/50 MP: 19/19
 11807 | D:11     | Reached skill level 1 in Transmutations
 11840 | D:11     | Hit by a large rock thrown by a cyclops

Skill      XL: |  1  2  3  4  5  6  7  8  9 10 11 |
---------------+----------------------------------+-----
Blades         | 4 |  4.0
Dodging        | 4 5 6 7 10 12 | 12.5
Stealth        | 2 3 5 7 9 13 | 13.4
Fighting       | 2 |  2.0
Invocations    | 2 3 6 8 10 | 10.0
Polearms       | 2 |  2.1
Evocations     | 6 |  6.5
Transmutations | 4 |  4.6
Shields        | |  0.1

Action                   |  1- 3 |  4- 6 |  7- 9 | 10-12 || total
-------------------------+-------+-------+-------+-------++-------
Melee: Rapier            |    40 |       |       |       ||    40
       Dagger            |    62 |   102 |   105 |     1 ||   270
       Spear             |       |       |   142 |   221 ||   363
       Long sword        |       |       |       |     4 ||     4
Throw: Stone             |     2 |     1 |       |       ||     3
       Curare dart       |       |     1 |       |       ||     1
       Tomahawk          |       |       |    12 |    11 ||    23
Invok: Bend Time         |       |     3 |     4 |     3 ||    10
       Slouch            |       |       |     3 |     4 ||     7
       Temporal Distorti |       |       |     2 |     1 ||     3
       Step From Time    |       |       |       |     2 ||     2
  Use: Potion            |     1 |       |       |       ||     1
       Scroll            |       |       |     1 |       ||     1
 Stab: Sleeping          |     9 |    14 |    40 |    14 ||    77
       Distracted        |       |       |     2 |     2 ||     4
Armor: Robe              |    17 |     3 |     7 |     7 ||    34
Dodge: Dodged            |    83 |    55 |   144 |   138 ||   420
Block: Buckler           |       |    21 |    52 |    52 ||   125
